 Dungeon Crawl Stone Soup version 0.29.0-4-gdea44cf6ec (webtiles) character file.

Game seed: 15277626789489585177

127 qw the Chopper (level 5, -2/30 HPs)
             Began as a Tengu Warper on Aug 28, 2022.
             Killed from afar by a white imp (7 damage)
             ... with a puff of frost
             ... summoned by Natasha
             ... on level 2 of the Dungeon.
             The game lasted 00:00:08 (1823 turns).

qw the Chopper (Tengu Warper)                       Turns: 1823, Time: 00:00:09

Health: -2/30      AC:  8    Str: 13    XL:     5   Next: 11%
Magic:  9/9        EV:  7    Int: 14    God:
Gold:   56         SH:  0    Dex: 13    Spells: 8/8 levels left

rFire   . . .      SeeInvis .   Y - +0 hand axe
rCold   . . .      Faith    .   (no shield)
rNeg    . . .      Spirit   .   h - +0 chain mail
rPois   .          Reflect  .   (helmet restricted)
rElec   .          Harm     .   (no cloak)
rCorr   .          Rampage  .   (no gloves)
Will    .....                   (boots unavailable)
Stlth   ..........              (no amulet)
HPRegen 0.10/turn               (no ring)
MPRegen 0.11/turn               (no ring)

@: flying quickly and evasively, quick
A: beak, talons 3, nimble flight
a: no special abilities


You were on level 2 of the Dungeon.
You visited 1 branch of the dungeon, and saw 2 of its levels.

You collected 56 gold pieces.


Innate Abilities, Weirdness & Mutations

You have a beak for a mouth.
You have claws for feet.
Your magical nature lets you fly swiftly and evasively.


   Skills:
 - Level 2.0 Fighting
 + Level 5.6 Axes
 - Level 1.0 Throwing
 - Level 1.1 Armour
 - Level 2.1 Dodging
 - Level 2.0 Spellcasting
 - Level 2.4 Translocations


You had 8 spell levels left.
You didn't know any spells.
Your spell library contained the following spells:

 Spells                   Type           Power      Damage    Failure   Level
 Blink                    Tloc           16%        N/A       99%         2
 Gell's Gravitas          Tloc           8%         N/A       100%        3
 Lesser Beckoning         Tloc           8%         N/A       100%        3
 Teleport Other           Tloc           8%         N/A       100%        3
 Manifold Assault         Tloc           8%         N/A       100%        5

Inventory:

Hand Weapons
 Y - a +0 hand axe (weapon)
Armour
 h - a +0 chain mail (worn)
Scrolls
 c - a scroll of fear {unknown}
 d - a scroll of enchant weapon {unknown}
 e - 4 scrolls of identify
Potions
 g - 2 potions of curing
 m - a potion of heal wounds {unknown}

Dungeon Overview and Level Annotations

Branches:
Dungeon (2/15)

Altars:
Uskayaw

Annotations:
D:2 Natasha


Message History

The orc priest is heavily wounded.
The orc priest casts a cantrip, but nothing happens.
You hit the orc priest. Your kick misses the orc priest.
The orc priest is heavily wounded.
The orc priest looks braver for a moment.
You slash the orc priest! You claw the orc priest.
You kill the orc priest!
You have reached level 5!
Your magical nature develops, letting you fly swiftly and evasively.
You hit the orc. Your kick misses the orc. Your peck misses the orc.
The orc is almost dead.
The orc hits you with a +0 hand axe.
You hit the orc but do no damage. Your peck misses the orc.
The orc is almost dead.
The orc hits you with a +0 hand axe.
1814 ||| READING scroll of teleportation.
As you read the scroll of teleportation, it crumbles to dust.
You feel strangely unstable. The orc hits you with a +0 hand axe.
You hit the orc but do no damage.
The orc is almost dead.
The orc hits you but does no damage.
You hit the orc.
You kill the orc!
1817 ||| FLEEEEING.
A magic dart appears from out of thin air!
The magic dart hits you.
1818 ||| FLEEEEING.
Your surroundings suddenly seem different.
Natasha, Servant of Life and Death comes into view.
She is carrying a wand of polymorph (8).
Natasha hisses angrily.
Natasha casts a spell at you.
The magic dart hits you but does no damage.
Natasha zaps a wand.
You resist with some effort.
Natasha mumbles some strange words.
You hit the white imp. Your peck misses the white imp.
The white imp is moderately wounded.
The white imp gestures at you. The puff of frost hits you!
You die...

#.#.# #.###### #.#.#
#####......# ####.#.##
#........... #.......##
#.########.# #.##.#.#.##
#.# ##.# #.#.##.##.######.#
##... #.............##.##
##....
###.##.##.#5#.....####.....
##.#....@.h..............
##.#.###.#.._...........
##.## #.#.....%.###.... ###
#.#.....#.# ##...
##.###.###.# ##.# ##...##.#
#.# ### ##.....#.# #.#
#........# #.# ##.....###
#.#


You could see Natasha and a white imp (summoned).

Vanquished Creatures
  An orc priest (D:2)
  Natasha (twice) (D:2)
  An adder (D:2)
  A worm (D:2)
  2 dart slugs (D:1)
  2 orcs (D:2)
  4 endoplasms
  2 goblins (D:1)
  A hobgoblin (D:1)
  A kobold (D:1)
  A quokka (D:1)
  4 ball pythons
  4 bats
  2 frilled lizards (D:2)
  5 rats
33 creatures vanquished.

Notes
Turn   | Place    | Note
-------+----------+-------------------------------------------
     0 | D:1      | qw the Tengu Warper began the quest for the Orb.
     0 | D:1      | Reached XP level 1. HP: 12/12 MP: 4/4
     0 | D:1      | 0 ||| qw: Version: 0.1-a-89-g26bdef1
     0 | D:1      | 0 ||| qw: Game counter: 62
     0 | D:1      | 0 ||| qw: Always use a shield: true
     0 | D:1      | 0 ||| qw: God list: Okawaru
     0 | D:1      | 0 ||| qw: Allow faded altars: false
     0 | D:1      | 0 ||| qw: Do Orc after D:15 true
     0 | D:1      | 0 ||| qw: Do second Lair branch before Depths: true
     0 | D:1      | 0 ||| qw: Lair rune preference: random
     0 | D:1      | 0 ||| qw: Plans: Normal
     0 | D:1      | 0 ||| PLANNING D:1-11
   133 | D:1      | Reached XP level 2. HP: 17/17 MP: 6/6
   143 | D:1      | Reached skill level 3 in Axes
   504 | D:1      | 504 ||| Stepping ~*~*~tactically~*~*~ (hiding).
   709 | D:1      | 709 ||| UPGRADING to +0 chain mail.
   719 | D:1      | 719 ||| DROPPING +0 leather armour.
   720 | D:1      | 720 ||| READING scroll labelled VUYVOY GEPPI.
   721 | D:1      | 721 ||| READING 5 scrolls labelled TEOSSOH HIXT.
   722 | D:1      | 722 ||| READING scroll labelled IXUILY ALAISA.
   723 | D:1      | 723 ||| READING scroll labelled KOALEG ZOMYERAZ.
   824 | D:1      | 824 ||| DRINKING 2 white potions.
   825 | D:1      | 825 ||| READING 4 scrolls of identify.
   825 | D:1      | 825 ||| IDENTIFYING sapphire potion
   826 | D:1      | 826 ||| READING 3 scrolls of identify.
   826 | D:1      | 826 ||| IDENTIFYING coppery potion
   827 | D:1      | 827 ||| READING 2 scrolls of identify.
   827 | D:1      | 827 ||| IDENTIFYING sedimented pink potion
   828 | D:1      | 828 ||| DROPPING scroll of blinking.
   829 | D:1      | 829 ||| DROPPING potion of flight.
   830 | D:1      | 830 ||| DROPPING potion of attraction.
   831 | D:1      | 831 ||| DROPPING potion of degeneration.
   845 | D:2      | Reached XP level 3. HP: 21/21 MP: 7/7
   934 | D:2      | Found a hide-covered altar of Uskayaw.
  1026 | D:2      | Noticed Natasha
  1038 | D:2      | Killed Natasha
  1039 | D:2      | Reached skill level 4 in Axes
  1257 | D:2      | Found a faded altar of an unknown god.
  1350 | D:2      | 1350 ||| DROPPING scarf of invisibility.
  1351 | D:2      | 1351 ||| READING 2 scrolls labelled OLIADY KOKAEPH.
  1425 | D:2      | Reached XP level 4. HP: 18/26 MP: 8/8
  1437 | D:2      | Noticed Natasha
  1438 | D:2      | 1438 ||| FLEEEEING.
  1557 | D:2      | Killed Natasha
  1558 | D:2      | Reached skill level 5 in Axes
  1796 | D:2      | 1796 ||| Stepping ~*~*~tactically~*~*~ (hiding).
  1797 | D:2      | 1797 ||| Stepping ~*~*~tactically~*~*~ (hiding).
  1812 | D:2      | Gained mutation: Your magical nature lets you fly swiftly
                  | and evasively. [Tengu growth]
  1812 | D:2      | Reached XP level 5. HP: 13/30 MP: 9/9
  1813 | D:2      | HP: 7/30 [orc/+0 hand axe (2)]
  1814 | D:2      | 1814 ||| READING scroll of teleportation.
  1817 | D:2      | 1817 ||| FLEEEEING.
  1818 | D:2      | 1818 ||| FLEEEEING.
  1819 | D:2      | Noticed Natasha
  1823 | D:2      | Killed from afar by a white imp

Levels and vault maps discovered:
D:1:      pf_arrival_petrified_forest, layout_basic, minmay_hexomino_f4
D:2:      layout_loops_ring, ebering_ecumenical_altar_abandoned, basic_altar,
          hangedman_glass_teeth, uniq_natasha

Skill      XL: |  1  2  3  4 |
---------------+-------------+-----
Axes           | 3 4 5 |  5.6
Fighting       | |  2.0
Throwing       | |  1.0
Armour         | |  1.1
Dodging        | |  2.1
Spellcasting   | |  2.0
Translocations | |  2.4

Action                   |  1- 3 |  4- 6 || total
-------------------------+-------+-------++-------
Melee: Hand axe          |    58 |    34 ||    92
       Kick              |    12 |     5 ||    17
       Peck              |     8 |     1 ||     9
Throw: Boomerang         |     7 |       ||     7
  Use: Scroll            |     8 |     1 ||     9
       Potion            |     1 |       ||     1
 Stab: Sleeping          |     1 |       ||     1
Armor: Leather armour    |     6 |       ||     6
       Chain mail        |    10 |     9 ||    19
Dodge: Dodged            |    18 |     6 ||    24

Table legend:
 A = Non-vault XP
 B = Vault XP
 C = Vault XP percentage of total XP
 D = Non-vault monster count
 E = Vault monster count
 F = Vault count percentage of total count
                 A         B        C        D         E       F
            +---------+---------+-------+---------+---------+-------
      Total |     141 |      41 |  22.5 |      29 |       4 |  12.1
            +---------+---------+-------+---------+---------+-------
        D:1 |      26 |       6 |  18.8 |      15 |       3 |  16.7
        D:2 |     115 |      35 |  23.3 |      14 |       1 |   6.7
            +---------+---------+-------+---------+---------+-------
